 Dungeon Crawl Stone Soup version 0.31-a0-879-g1609e0ac53 (webtiles) character file.

Game seed: 10328536948702450261

4 Kurtz the Sneak (level 1, 0/21 HPs)
             Began as a Naga Delver on Oct 14, 2023.
             Slain by an orc
             ... wielding a +0 hand axe
              (6 damage)
             ... on level 3 of the Dungeon.
             The game lasted 00:00:27 (102 turns).

Kurtz the Sneak (Naga Delver)                        Turns: 102, Time: 00:00:27

Health: 0/21       AC:  1    Str: 14    XL:     1   Next: 60%
Magic:  1/1        EV:  9    Int: 10    God:
Gold:   0          SH:  0    Dex: 12    Spells: 0/0 levels left

rFire   . . .        a - +0 hand axe
rCold   . . .        (no shield)
rNeg    . . .        b - +0 leather armour
rPois   +            (no helmet)
rElec   .            (no cloak)
rCorr   .            (no gloves)
SInv    +            (no barding)
Will    .....        (no amulet)
Stlth   +++          (no ring)
HPRegen 0.23/turn    (no ring)
MPRegen 0.07/turn

%: no passive effects
@: very slow
A: AC +0, large, see invisible, deformed body, poison resistance, slowness 2,
spit poison 1, naga tail 1
a: Spit Poison


You were on level 3 of the Dungeon.
You visited 1 branch of the dungeon, and saw 3 of its levels.

Inventory:

Hand Weapons
 a - a +0 hand axe (weapon)
Missiles
 h - 5 javelins
Armour
 b - a +0 leather armour (worn)
Wands
 g - a wand of digging (3)
Scrolls
 c - a scroll of fog
 d - a scroll of revelation
 e - a scroll of fear
Potions
 f - a potion of haste
 i - 2 potions of lignification {unknown}


   Skills:
 - Level 3.0 Fighting
 * Level 2.4 Axes
 - Level 1.5 Dodging
 - Level 7.2 Stealth


You couldn't memorise any spells.
You didn't know any spells.
Your spell library was empty.

Dungeon Overview and Level Annotations

Branches:
Dungeon (5/15)
 Temple: D:4-7

Altars:

Shops:
D:4 (

Annotations:
D:5 Dowan


Innate Abilities, Weirdness & Mutations

Your serpentine skin is tough. (AC +0)
You have supernaturally acute eyesight. (SInv)
Armour fits poorly on your strangely shaped body.
Your system is resistant to poisons. (rPois)
You cover ground very slowly.
You can spit poison.
You have a snake-like lower body.


Message History

You hit the endoplasm.
You kill the endoplasm!
No target in view!
There is an entrance to Viol's Antique Weapon Emporium here.
An ogre comes into view. It is wielding a +0 giant spiked club.
There is a stone staircase leading up here.
You climb upwards.
There is a stone staircase leading down here.
The helpless hobgoblin fails to defend itself.
You hit the hobgoblin.
The hobgoblin is heavily wounded.
The hobgoblin hits you.
You closely miss the hobgoblin.
The hobgoblin is heavily wounded.
The hobgoblin hits you.
You hit the hobgoblin but do no damage.
The hobgoblin is moderately wounded.
The hobgoblin barely misses you.
You hit the hobgoblin.
You kill the hobgoblin!
The quokka closely misses you.
You hit the quokka.
You kill the quokka!
You open the door.
There is an open door here.
i - 2 bubbling ruby potions An orc comes into view.
It is wielding a +0 hand axe.
Found a stone staircase leading down.
The orc shouts!
You closely miss the orc. The orc barely misses you.
You closely miss the orc. The orc hits you with a +0 hand axe.
You barely miss the orc. The orc barely misses you.
You closely miss the orc. The orc hits you with a +0 hand axe.
You barely miss the orc. The orc hits you with a +0 hand axe!
You barely miss the orc. The orc hits you with a +0 hand axe.
* * * LOW HITPOINT WARNING * * *
You hit the orc.
The orc is severely wounded.
The orc hits you with a +0 hand axe.
You die...

...⌠...'..#
#.....##.###########
##...##.##.........#
##.###........###.#
#+ ####.###.# #.#
#.# #.###.# #.#
#...#.# #.#####.#.#
#.....o@..#
#######.### #.# #.#
... #.# #># ..#


You could see an orc.

Vanquished Creatures
  An endoplasm (D:4)
  A hobgoblin (D:3)
  A quokka (D:3)
3 creatures vanquished.

Notes
Turn   | Place    | Note
-------+----------+-------------------------------------------
     0 | D:5      | Kurtz the Naga Delver began the quest for the Orb.
     0 | D:5      | Reached XP level 1. HP: 21/21 MP: 1/1
     6 | D:5      | Noticed Dowan
    46 | D:4      | Found Viol's Antique Weapon Emporium.
    53 | D:4      | Noticed an ogre
   102 | D:3      | Slain by an orc

Illustrated notes

Levels and vault maps discovered:
D:3:      layout_loops_corners, nicolae_ecumenical_snake_handling,
          grunt_ministairs_14, uniq_crazy_yiuf_cottage
D:4:      layout_cave_pools, temple_pool_b, serial_shops, nicolae_stop_n_shop_2,
          nicolae_shop_statue_plus, nicolae_shop_pleasant_corner_grove,
          corexii_leaking_fountain, grunt_decor_mini_mirrors
D:5:      layout_layer_cave, uniq_duvessa

Action                     || total
---------------------------++-------
  Melee: Hand axe          ||    13
   Stab: Sleeping          ||     1
 Armour: Leather armour    ||     7
  Dodge: Dodged            ||     4

Table legend: (Time is in decaauts)
 A = Elapsed time spent in this place.
 B = Non-inter-level travel time spent in this place.
 C = Inter-level travel time spent in this place.
 D = Time resting spent in this place.
 E = Time spent auto-exploring this place.
 F = Levels seen in this place.
 G = Mean time per level.
                   A        B        C        D        E       F      G
               +--------+--------+--------+--------+--------+-----+--------+
         Total |    136 |    136 |      0 |      0 |     39 |   3 |   45.3 |
       Dungeon |    136 |    136 |      0 |      0 |     39 |   3 |   45.3 |
               +--------+--------+--------+--------+--------+-----+--------+

Top non-repeatable levels by time:
     D:5: 63 daAuts
     D:3: 61 daAuts
     D:4: 11 daAuts
